 Dungeon Crawl Stone Soup version 0.30-a0-726-gd89dcf765f (webtiles) character file.

Game seed: 8153000465519340984

21065 Anon1729 the Bludgeoner (level 12, -10/115 HPs)
             Began as a Minotaur Monk on Jan 29, 2023.
             Was an Initiate of Gozag.
             Mangled by a large abomination (18 damage)
             ... on level 2 of the Abyss.
             The game lasted 00:16:32 (14287 turns).

Anon1729 the Bludgeoner (Minotaur Monk)            Turns: 14287, Time: 00:16:33

Health: -10/115    AC: 22    Str: 21    XL:     12   Next: 50%
Magic:  11/11      EV:  8    Int:  7    God:    Gozag
Gold:   1276       SH:  0    Dex: 13    Spells: 11/11 levels left

rFire   . . .      SeeInvis .    M - +2 flail (holy)
rCold   . . .      Faith    .    (no shield)
rNeg    . . .      Spirit   .    o - +0 plate armour
rPois   .          Reflect  .    (helmet restricted)
rElec   .          Harm     .    j - +0 cloak
rCorr   .          Rampage  .    N - +0 pair of gloves
Will    .....                    (no boots) Stlth
                                 (no amulet)
HPRegen 0.00/turn                B - +4 ring of protection
MPRegen 0.12/turn                (no ring)

@: sick, unable to drink
A: horns 2, retaliatory headbutt, noise suppression, [inability to drink after
injury 2]
a: Renounce Religion, Potion Petition, Call Merchant, Bribe Branch


You were on level 2 of the Abyss.
You worshipped Gozag.
Gozag was most pleased with you.
You visited 1 branch of the dungeon, and saw 11 of its levels.
You visited the Abyss 1 time.

You collected 2974 gold pieces.
You spent 1698 gold pieces at shops.

Inventory:

Hand Weapons
 a - a +0 mace
 k - a +1 whip of flaming
 I - a +6 heavy quarterstaff
 M - a +2 flail of holy wrath (weapon)
Missiles
 P - a throwing net (quivered)
Armour
 b - a +0 robe
 f - a +0 ring mail
 j - a +0 cloak (worn)
 o - a +0 plate armour (worn)
 N - a +0 pair of gloves (worn)
Jewellery
 B - a +4 ring of protection (left hand)
 R - a ring of flight
Wands
 A - a wand of mindburst (9)
 E - a wand of polymorph (3)
 G - a wand of paralysis (24)
 H - a wand of iceblast (1)
 K - a wand of flame (21)
 O - a wand of light (5)
Scrolls
 e - 4 scrolls of enchant weapon
 h - 4 scrolls of vulnerability
 q - 4 scrolls of magic mapping
 u - 3 scrolls of immolation
 v - 4 scrolls of fog
 x - 4 scrolls of torment
 y - 6 scrolls of teleportation
 z - 5 scrolls of blinking
 D - 2 scrolls of amnesia
 F - a scroll of silence
 J - 2 scrolls of enchant armour
 S - a scroll of identify
Potions
 c - 3 potions of ambrosia
 g - a potion of mutation
 i - 3 potions of attraction
 l - a potion of degeneration
 m - a potion of might
 n - 2 potions of haste
 p - 2 potions of invisibility
 r - a potion of resistance
 t - 2 potions of curing
 w - 2 potions of berserk rage
 C - 4 potions of lignification
 L - a potion of magic {unknown}
 Q - a potion of brilliance {unknown}


   Skills:
 + Level 13.0 Fighting
 * Level 17.7 Maces & Flails
 + Level 12.5 Armour
 - Level 3.4 Dodging
 - Level 1.7 Stealth


You had 11 spell levels left.
You didn't know any spells.
Your spell library contained the following spells:

 Spells                   Type           Power      Damage    Failure   Level
 Necrotise                Necr           0%         1d4       99%         1
 Summon Small Mammal      Summ           0%         N/A       99%         1
 Blink                    Tloc           0%         N/A       100%        2
 Lesser Beckoning         Tloc           0%         N/A       100%        2
 Momentum Strike          Conj/Tloc      0%         3d8       100%        2
 Call Canine Familiar     Summ           0%         N/A       100%        3
 Summon Guardian Golem    Hex/Summ       0%         N/A       100%        3
 Vampiric Draining        Necr           0%         2d6       100%        3
 Agony                    Necr           0%         N/A       100%        5


Dungeon Overview and Level Annotations

Branches:
Dungeon (11/15)            Temple (0/1) D:7            Lair (0/5) D:10
    Orc: D:9-12

Altars:
Cheibriados
Gozag
Kikubaaqudgha
Makhleb
Okawaru
Ru
Sif Muna
Trog
Uskayaw
Vehumet
Wu Jian
The Shining One

Shops:
D:9 !**   D:10 ![:(

Annotations:
D:4 1 runed translucent door, Crazy Yiuf


Innate Abilities, Weirdness & Mutations

You have a pair of horns on your head.
You reflexively headbutt those who attack you in melee.
You passively dampen the noise of your surroundings.
[You sometimes lose the ability to drink potions when taking damage.]


Message History

The large abomination barely misses you.
You hit the large abomination but do no damage.
The large abomination is lightly damaged.
The large abomination barely misses you.
You hit the large abomination but do no damage.
You headbutt the large abomination, but do no damage.
Your punch misses the large abomination.
The large abomination is lightly damaged.
The large abomination hits you but does no damage.
You hit the large abomination.
The large abomination convulses.
You headbutt the large abomination, but do no damage.
The large abomination is moderately damaged.
The large abomination hits you!
* * * LOW HITPOINT WARNING * * *
You barely miss the large abomination.
The large abomination is moderately damaged.
The large abomination hits you but does no damage.
You hit the large abomination.
The large abomination convulses.
The large abomination is moderately damaged.
You hit the large abomination but do no damage.
The large abomination is moderately damaged.
The large abomination hits you!!
* * * LOW HITPOINT WARNING * * *
You sock the large abomination!
The large abomination convulses.
The large abomination is severely damaged.
You are no longer corroded.
The large abomination barely misses you.
You furiously retaliate!
You headbutt the large abomination!
A wretched star comes into view.
You feel better. The large abomination hits you.
* * * LOW HITPOINT WARNING * * *
You feel better. The large abomination hits you!
* * * LOW HITPOINT WARNING * * *
The wretched star pulses with an eldritch light!
You occasionally lose the ability to drink potions when taking damage.
You lose the ability to drink potions when taking damage more often.
The large abomination hits you!!
You feel threatened and lose the ability to drink potions!
You die...
Your body crumbles into a pile of gold.

# . # #. ##
##.# .. ##
..
....##.##
#..#.#
#.#..#
##...#
#..@#
#......X#
..#..#..*
#...##.#.
#.#.#.####.
... .....
#+ ### #..
.###.


You could see a wretched star and a large abomination.

Vanquished Creatures
  A tentacled starspawn (Abyss:2)
  Harold (D:11)
  Erolcha (D:9)
  3 two-headed ogres
  Erica (D:10)
  A boulder beetle (D:11)
  A wretched star (Abyss:2)
  Lodul (D:10)
  Pikel (D:3)
  A manticore (D:11)
  Joseph (D:7)
  Maurice (D:8)
  3 gargoyles (D:11)
  A kobold demonologist (D:9)
  Psyche (D:8)
  An efreet (D:8)
  2 ancient zymes (Abyss:2)
  6 large abominations (Abyss:2)
  3 trolls
  3 raiju (Abyss:2)
  Sigmund (D:5)
  A wyvern (D:7)
  A wraith (D:11)
  A shadow (D:9)
  17 yaks
  3 steam dragons
  2 vampire mosquitoes (D:11)
  A golden eye (Abyss:2)
  Grum (D:8)
  A water moccasin (D:5)
  5 orc warriors
  A black bear (D:6)
  9 ogres (D:10)
  An ice beast (D:7)
  2 wolves (D:8)
  3 phantoms
  3 centaurs
  4 kobold brigands
  2 lemures (D:3)
  2 small abominations (Abyss:2)
  5 scorpions
  3 bullfrogs
  A gnoll sergeant (D:7)
  14 wights
  9 killer bees
  2 howler monkeys
  A quasit (Abyss:2)
  An iron imp (Abyss:2)
  4 jellies
  A gnoll bouda (D:10)
  A hound (D:4)
  5 orc priests
  5 iguanas
  Natasha (thrice) (D:2)
  12 orc wizards
  Robin (D:3)
  8 gnolls
  11 adders
  4 white imps
  3 worms (D:2)
  5 dart slugs
  39 orcs
  9 ball pythons
  5 endoplasms
  3 giant cockroaches
  18 goblins
  12 hobgoblins
  22 kobolds
  9 quokkas
  5 bats
  5 frilled lizards
  4 rats
325 creatures vanquished.

Vanquished Creatures (others)
  A human (D:3)
  A white imp (Abyss:2)
  2 starspawn tentacles (Abyss:2)
4 creatures vanquished.

Grand Total: 329 creatures vanquished

Notes
Turn   | Place    | Note
-------+----------+-------------------------------------------
     0 | D:1      | Anon1729 the Minotaur Monk began the quest for the Orb.
     0 | D:1      | Reached XP level 1. HP: 19/19 MP: 0/0
   180 | D:1      | Reached XP level 2. HP: 27/27 MP: 1/1
   258 | D:1      | Reached skill level 4 in Maces & Flails
   363 | D:1      | Reached skill level 1 in Armour
   403 | D:1      | Reached XP level 3. HP: 28/33 MP: 2/2
   699 | D:2      | Noticed Natasha
   706 | D:2      | Killed Natasha
   775 | D:2      | Reached XP level 4. HP: 41/41 MP: 3/3
   842 | D:2      | Found a faded altar of an unknown god.
   869 | D:2      | Prayed at the altar of an unknown god.
   869 | D:2      | Became a worshipper of Gozag Ym Sagoz the Greedy
   883 | D:2      | Noticed Natasha
   890 | D:2      | Killed Natasha
   891 | D:2      | Reached skill level 5 in Maces & Flails
  1317 | D:2      | Noticed Natasha
  1325 | D:2      | Killed Natasha
  1326 | D:2      | Reached XP level 5. HP: 38/47 MP: 4/4
  1454 | D:3      | Noticed Robin
  1597 | D:3      | Killed Robin
  1629 | D:3      | Found an opulent altar of Gozag.
  1695 | D:3      | Found an ancient bone altar of Kikubaaqudgha.
  1697 | D:3      | Noticed a human
  1698 | D:3      | Killed a human
  2105 | D:3      | Identified the +1 dagger "Gulel" {freeze, Str+4}
  2360 | D:4      | Reached skill level 5 in Fighting
  2360 | D:4      | Reached skill level 6 in Maces & Flails
  2417 | D:4      | Found a runed translucent door.
  2418 | D:4      | Noticed Crazy Yiuf
  2484 | D:4      | Noticed a lemure
  2484 | D:4      | Noticed a lemure
  2485 | D:4      | Noticed a lemure
  2486 | D:4      | Noticed a lemure
  2487 | D:4      | Noticed Pikel
  2507 | D:3      | Killed a lemure
  2561 | D:3      | Reached XP level 6. HP: 36/56 MP: 5/5
  2699 | D:3      | Gained mutation: [You occasionally lose the ability to
                  | drink potions when taking damage.] [potion of mutation]
  2699 | D:3      | Gained mutation: You are covered in fur. (AC +1) [potion of
                  | mutation]
  2734 | D:3      | Killed Pikel
  2735 | D:3      | Reached skill level 7 in Maces & Flails
  2735 | D:3      | Reached XP level 7. HP: 25/63 MP: 6/6
  3714 | D:5      | Entered Level 5 of the Dungeon
  3725 | D:5      | Reached skill level 8 in Maces & Flails
  3838 | D:5      | Reached skill level 5 in Armour
  3870 | D:5      | Found a snail-covered altar of Cheibriados.
  3922 | D:5      | Reached XP level 8. HP: 38/68 MP: 7/7
  4073 | D:5      | Reached skill level 9 in Maces & Flails
  4193 | D:5      | Noticed Sigmund
  4199 | D:5      | Killed Sigmund
  4550 | D:5      | Reached skill level 10 in Maces & Flails
  4933 | D:6      | Reached XP level 9. HP: 71/81 MP: 8/8
  5191 | D:6      | Found an iron altar of Okawaru.
  5627 | D:6      | Reached skill level 11 in Maces & Flails
  6189 | D:7      | Found a glowing golden altar of the Shining One.
  6291 | D:7      | Found a staircase to the Ecumenical Temple.
  6422 | D:7      | Reached skill level 12 in Maces & Flails
  6619 | D:7      | Noticed Joseph
  6636 | D:7      | Killed Joseph
  7338 | D:7      | Found an ornate altar of the Wu Jian Council.
  7346 | D:7      | Found a shimmering blue altar of Sif Muna.
  7350 | D:7      | Found a burning altar of Makhleb.
  7361 | D:7      | Found a bloodstained altar of Trog.
  7369 | D:7      | Found a radiant altar of Vehumet.
  7390 | D:7      | Reached XP level 10. HP: 74/91 MP: 9/9
  7447 | D:7      | Found a hide-covered altar of Uskayaw.
  7455 | D:7      | Found a sacrificial altar of Ru.
  7824 | D:8      | Noticed Maurice
  7987 | D:8      | Killed Maurice
  7988 | D:8      | Reached skill level 13 in Maces & Flails
  8102 | D:8      | Noticed Psyche
  8114 | D:8      | Noticed Grum
  8115 | D:8      | Killed Psyche
  8125 | D:8      | Killed Grum
  8367 | D:8      | Noticed a two-headed ogre
  8379 | D:8      | Killed a two-headed ogre
  8380 | D:8      | Reached skill level 10 in Fighting
  8901 | D:9      | Reached skill level 14 in Maces & Flails
  9039 | D:9      | Found Gilamuha's Distillery.
  9063 | D:9      | Reached skill level 10 in Armour
  9095 | D:9      | Reached XP level 11. HP: 33/101 MP: 10/10
  9347 | D:9      | Bought a potion of might for 44 gold pieces
  9347 | D:9      | Bought a potion of mutation for 88 gold pieces
  9347 | D:9      | Lost mutation: [You occasionally lose the ability to drink
                  | potions when taking damage.] [potion of mutation]
  9347 | D:9      | Lost mutation: You are covered in fur. (AC +1) [potion of
                  | mutation]
  9347 | D:9      | Gained mutation: Your flesh is cold resistant. (rC+)
                  | [potion of mutation]
  9347 | D:9      | Gained mutation: Your body sometimes deteriorates upon
                  | taking damage. [potion of mutation]
  9638 | D:9      | Found Noavuc's Assorted Antiques.
  9647 | D:9      | Bought a scroll labelled JUWNYN ADAN for 32 gold pieces
  9647 | D:9      | Bought a black potion for 28 gold pieces
  9647 | D:9      | Bought a fizzy sapphire potion for 28 gold pieces
  9647 | D:9      | Bought a scroll labelled QAWKIM SUOKI for 32 gold pieces
 10048 | D:9      | Noticed Erolcha
 10062 | D:9      | Killed Erolcha
 10063 | D:9      | Reached skill level 15 in Maces & Flails
 10425 | D:9      | Found Momiruc's General Store.
 10433 | D:9      | Bought a potion of mutation for 96 gold pieces
 10433 | D:9      | Bought a scroll of teleportation for 36 gold pieces
 10433 | D:9      | Bought a scroll of magic mapping for 90 gold pieces
 10433 | D:9      | Bought a scroll of enchant armour for 90 gold pieces
 10433 | D:9      | Lost mutation: Your flesh is cold resistant. (rC+) [potion
                  | of mutation]
 10433 | D:9      | Lost mutation: Your body sometimes deteriorates upon taking
                  | damage. [potion of mutation]
 10433 | D:9      | Gained mutation: You do not regenerate when monsters are
                  | visible. [potion of mutation]
 10433 | D:9      | Gained mutation: Your mind is acute. (Int +4, Str/Dex -1)
                  | [potion of mutation]
 10434 | D:9      | Lost mutation: Your mind is acute. (Int +4, Str/Dex -1)
                  | [potion of mutation]
 10434 | D:9      | Lost mutation: You do not regenerate when monsters are
                  | visible. [potion of mutation]
 10434 | D:9      | Gained mutation: You passively dampen the noise of your
                  | surroundings. [potion of mutation]
 10569 | D:10     | Entered Level 10 of the Dungeon
 10584 | D:10     | Found Xeil's Book Emporium.
 10676 | D:10     | Noticed Lodul
 10688 | D:10     | Killed Lodul
 11136 | D:10     | Found a staircase to the Lair.
 11175 | D:10     | Found Atau's Magic Scroll Emporium.
 11178 | D:10     | Bought a scroll of identify for 24 gold pieces
 11178 | D:10     | Bought a scroll of fog for 48 gold pieces
 11178 | D:10     | Bought a scroll of vulnerability for 48 gold pieces
 11178 | D:10     | Bought a scroll of teleportation for 36 gold pieces
 11178 | D:10     | Bought a scroll of blinking for 90 gold pieces
 11178 | D:10     | Bought a scroll of blinking for 90 gold pieces
 11178 | D:10     | Bought a scroll of noise for 12 gold pieces
 11178 | D:10     | Bought a scroll of blinking for 90 gold pieces
 11178 | D:10     | Bought a scroll of teleportation for 36 gold pieces
 11522 | D:10     | Noticed Erica
 11533 | D:10     | Killed Erica
 11568 | D:10     | Noticed a two-headed ogre
 11577 | D:10     | Killed a two-headed ogre
 11578 | D:10     | Reached skill level 16 in Maces & Flails
 11670 | D:10     | Found Muograixt's Armour Shop.
 11738 | D:10     | Found Wagys's Distillery.
 11744 | D:10     | Bought a potion of heal wounds for 55 gold pieces
 11744 | D:10     | Bought a potion of lignification for 33 gold pieces
 11744 | D:10     | Bought a potion of resistance for 110 gold pieces
 11744 | D:10     | Bought 2 potions of ambrosia for 176 gold pieces
 11744 | D:10     | Bought a potion of berserk rage for 55 gold pieces
 11744 | D:10     | Bought a potion of lignification for 33 gold pieces
 11744 | D:10     | Bought a potion of invisibility for 88 gold pieces
 11744 | D:10     | Bought a potion of resistance for 110 gold pieces
 12062 | D:10     | Found Guine's Antique Weapon Emporium.
 12119 | D:11     | Noticed Harold
 12140 | D:11     | Killed Harold
 12714 | D:11     | Reached XP level 12. HP: 76/112 MP: 11/11
 12725 | D:11     | Noticed a boulder beetle
 12964 | D:11     | Killed a boulder beetle
 13371 | D:11     | Noticed a two-headed ogre
 13381 | D:11     | Killed a two-headed ogre
 13382 | D:11     | Reached skill level 17 in Maces & Flails
 13639 | D:11     | Noticed a vampire knight
 13648 | D:11     | Noticed an ettin
 13657 | Abyss:2  | Cast into level 2 of the Abyss (a wizard)
 13661 | Abyss:2  | Found a corrupted altar of Lugonu.
 13681 | Abyss:2  | Found a corrupted altar of Lugonu.
 13725 | Abyss:2  | Found a corrupted altar of Lugonu.
 13753 | Abyss:2  | Noticed a tentacled starspawn
 13763 | Abyss:2  | Killed a tentacled starspawn
 13775 | Abyss:2  | Noticed a Hell Sentinel
 13853 | Abyss:2  | Found a corrupted altar of Lugonu.
 14287 | Abyss:2  | Mangled by a large abomination

Illustrated notes

Levels and vault maps discovered:
D:1:      onia_arrival_mini_maze, layout_rooms, minmay_misc_feat_encased,
          minmay_pentomino_s2
D:2:      layout_basic, hellmonk_ecumenical_altar_crossroads, uniq_natasha
D:3:      layout_loops_cross, grunt_gozag_breadcrumbs, tgw_kikubaaqudgha,
          st_stairs_6, minmay_fractal_squares_gapless_5, uniq_robin
D:4:      layout_loops_corners, minmay_misc_feat_rows, corexii_leaking_fountain,
          uniq_crazy_yiuf_cottage, uniq_pikel
D:5:      minmay_diamond_boxcup, layout_rooms, mainiacjoe_overflow_24_doors,
          uniq_sigmund
D:6:      cheibrodos_thug_alley, layout_cave_pods, lemuel_crystal_altar
D:7:      layout_basic, tso_altar, grunt_temple_overflow_octagram,
          temple_fountains, uniq_joseph
D:8:      layout_loops_ring, uniq_maurice, uniq_grum, uniq_psyche
D:9:      layout_gridville, serial_shops, nicolae_shop_hallway_stairs,
          nicolae_lakefront_shop, nicolae_diamond_shop, uniq_erolcha
D:10:     layout_roguey, lair_entry_dummy, serial_shops, nicolae_stop_n_shop_1,
          nicolae_shop_window_shopping, kennysheep_mini,
          nicolae_shop_waterfront, nicolae_square_shop, chequers_avenue,
          minmay_holes, uniq_erica, uniq_lodul
D:11:     minmay_mutant_horseshoe, layout_long_grid, grunt_ministairs_13,
          kennysheep_okawaru_gauntlet, uniq_fannar, uniq_harold
Abyss:2:  base: D:2, guppyfry_abyss_exit_imp_island, minivault_11,
          hangedman_abyss_lost_library, hangedman_abyss_lost_library

Skill      XL: |  1  2  3  4  5  6  7  8  9 10 11 12 |
---------------+-------------------------------------+-----
Maces & Flails | 4 5 6 7 8 10 12 14 16 17 | 17.7
Fighting       | 4 5 6 7 9 10 12 13 | 13.0
Armour         | 1 2 3 4 5 6 8 10 11 12 | 12.5
Dodging        | |  3.4
Stealth        | |  1.7

Action                     |  1- 3 |  4- 6 |  7- 9 | 10-12 || total
---------------------------+-------+-------+-------+-------++-------
  Melee: Mace              |    71 |   209 |       |       ||   280
         Headbutt          |    10 |    29 |    83 |   152 ||   274
         Punch             |     2 |     2 |    10 |    12 ||    26
         Whip              |       |       |   437 |   113 ||   550
         Flail             |       |       |       |   544 ||   544
  Evoke: Wand              |       |       |       |     8 ||     8
    Use: Potion            |       |     3 |       |    19 ||    22
         Scroll            |       |       |       |    10 ||    10
   Stab: Sleeping          |     2 |       |       |       ||     2
         Paralysed         |       |       |       |     6 ||     6
 Armour: Ring mail         |    24 |       |       |       ||    24
         Robe              |     1 |       |       |       ||     1
         Plate armour      |    12 |   162 |   177 |   282 ||   633
         Skin              |       |    25 |       |       ||    25
  Dodge: Dodged            |    41 |    77 |    84 |   176 ||   378

Table legend: (Time is in decaauts)
 A = Elapsed time spent in this place.
 B = Non-inter-level travel time spent in this place.
 C = Inter-level travel time spent in this place.
 D = Time resting spent in this place.
 E = Time spent auto-exploring this place.
 F = Levels seen in this place.
 G = Mean time per level.
                   A        B        C        D        E       F      G
               +--------+--------+--------+--------+--------+-----+--------+
         Total |  13966 |  13566 |    400 |   1390 |   9855 |  12 | 1163.8 |
       Dungeon |  13374 |  12974 |    400 |   1296 |   9698 |  11 | 1215.8 |
         Abyss |    592 |    592 |      0 |     94 |    157 |   1 |  592.0 |
               +--------+--------+--------+--------+--------+-----+--------+

Top non-repeatable levels by time:
     D:9: 1862 daAuts
     D:7: 1813 daAuts
    D:10: 1793 daAuts
     D:6: 1239 daAuts
     D:3: 1145 daAuts
    D:11: 1072 daAuts
     D:4: 1037 daAuts
     D:8: 990 daAuts
     D:5: 856 daAuts
     D:2: 854 daAuts
     D:1: 708 daAuts
 Abyss:2: 592 daAuts
